[Event "Deutsche Schachbundesliga 2010/11"]
[Site "Germany"]
[Date "2011.03.20"]
[Round "13"]
[White "Kleijn, Christov"]
[Black "Thiede, Lars"]
[Result "1/2-1/2"]
[ECO "C96"]
[WhiteElo "2427"]
[BlackElo "2445"]
[Annotator "Robot 3"]
[PlyCount "97"]
[EventDate "2011.??.??"]
[WhiteTeam "Emsdetten"]
[BlackTeam "SF Berlin"]
[TimeControl "40/6000+30:20/3000+30:900+30"]

1. e4 e5 2. Nf3 Nc6 3. Bb5 a6 4. Ba4 Nf6 5. O-O Be7 6. Re1 b5 7. Bb3 d6 8. c3
O-O 9. h3 Na5 10. Bc2 d5 11. exd5 e4 12. Bxe4 Nxe4 13. Rxe4 Bb7 14. d4 Re8 15.
Bf4 Nc4 16. b3 Nb6 17. Re1 Nxd5 18. Bg3 Bd6 19. Rxe8+ Qxe8 20. Bxd6 cxd6 21. c4
Nf4 22. d5 Qe4 23. Nc3 Qg6 24. g3 Nxh3+ 25. Kg2 Nf4+ 26. Kf1 Nh5 27. Qd4 Bc8
28. Kg2 Bd7 29. Re1 Qf5 30. Re3 bxc4 31. bxc4 h6 32. Qh4 Nf6 33. Ne4 Ng4 34.
Re2 g5 35. Qxg4 Qxg4 36. Nf6+ Kf8 37. Nxg4 Bxg4 38. Rb2 Rc8 39. Nd2 Be2 40. Rb4
g4 41. Rb6 Ke7 42. Rxa6 Bxc4 43. Ra7+ Ke8 44. Nxc4 Rxc4 45. Ra6 Kd7 46. Ra7+
Ke8 47. Ra6 Ke7 48. Ra7+ Ke8 49. Ra6 1/2-1/2

[Event "Deutsche Schachbundesliga 2010/11"]
[Site "Germany"]
[Date "2011.03.20"]
[Round "13"]
[White "Miezis, Normunds"]
[Black "Hector, Jonny"]
[Result "1/2-1/2"]
[ECO "A21"]
[WhiteElo "2519"]
[BlackElo "2592"]
[Annotator "Robot 3"]
[PlyCount "91"]
[EventDate "2011.??.??"]
[WhiteTeam "SF Berlin"]
[BlackTeam "Emsdetten"]
[TimeControl "40/6000+30:20/3000+30:900+30"]

1. c4 e5 2. Nc3 Bb4 3. g3 Bxc3 4. dxc3 d6 5. e4 Nc6 6. Nf3 Nge7 7. Bg2 Be6 8.
Qe2 h6 9. Nd2 Qd7 10. h3 O-O 11. Nf1 Rae8 12. b3 f5 13. exf5 Nxf5 14. Ne3 Ncd4
15. Qd1 Nxe3 16. Bxe3 Nf5 17. Qe2 Nxe3 18. Qxe3 b5 19. cxb5 Qxb5 20. Rd1 a5 21.
c4 Qd7 22. c5 d5 23. O-O c6 24. Kh2 Qc7 25. Rde1 Bc8 26. f3 a4 27. b4 Ba6 28.
Rf2 Bc4 29. a3 d4 30. Qd2 Bd5 31. f4 Bxg2 32. Kxg2 Qf7 33. Rxe5 Rxe5 34. fxe5
Qd5+ 35. Kg1 Rxf2 36. Kxf2 Qxe5 37. Qd3 Qd5 38. h4 h5 39. Ke2 Qg2+ 40. Ke1 Qb2
41. Kd1 Qf2 42. Qe2 Qf7 43. Qd3 Qd5 44. Ke2 Qg2+ 45. Ke1 Qg1+ 46. Ke2 1/2-1/2

[Event "Deutsche Schachbundesliga 2010/11"]
[Site "Germany"]
[Date "2011.03.20"]
[Round "13"]
[White "Polzin, Rainer"]
[Black "Brandenburg, Daan"]
[Result "1/2-1/2"]
[ECO "B47"]
[WhiteElo "2494"]
[BlackElo "2519"]
[Annotator "Robot 3"]
[PlyCount "89"]
[EventDate "2011.??.??"]
[WhiteTeam "SF Berlin"]
[BlackTeam "Emsdetten"]
[TimeControl "40/6000+30:20/3000+30:900+30"]

1. e4 c5 2. Nf3 e6 3. d4 cxd4 4. Nxd4 Nc6 5. Nc3 Qc7 6. Be2 a6 7. O-O Nf6 8.
Kh1 Nxd4 9. Qxd4 Bc5 10. Qd3 b5 11. f4 Bb7 12. Bf3 h5 13. e5 Ng4 14. Bxb7 Qxb7
15. Ne4 Rc8 16. Qf3 Qc6 17. Bd2 Be7 18. Rae1 f5 19. exf6 Nxf6 20. c3 Nxe4 21.
Rxe4 O-O 22. Re5 Qxf3 23. Rxf3 Rc5 24. Rxc5 Bxc5 25. g3 d5 26. Kg2 g6 27. Be3
Bxe3 28. Rxe3 Kf7 29. Kf3 Rc8 30. Rd3 Ke7 31. Ke3 Kd6 32. b3 e5 33. fxe5+ Kxe5
34. Kd2 Rf8 35. Re3+ Kd6 36. Ke2 a5 37. a3 b4 38. cxb4 axb4 39. axb4 Rb8 40.
Rf3 Rxb4 41. Rf6+ Kc5 42. Rxg6 Rxb3 43. h4 Kd4 44. g4 hxg4 45. Rxg4+ 1/2-1/2

[Event "Deutsche Schachbundesliga 2010/11"]
[Site "Germany"]
[Date "2011.03.20"]
[Round "13"]
[White "Schneider, Ilja"]
[Black "Pruijssers, Roeland"]
[Result "0-1"]
[ECO "C47"]
[WhiteElo "2519"]
[BlackElo "2483"]
[Annotator "Robot 3"]
[PlyCount "52"]
[EventDate "2011.??.??"]
[WhiteTeam "SF Berlin"]
[BlackTeam "Emsdetten"]
[TimeControl "40/6000+30:20/3000+30:900+30"]

1. e4 e5 2. Nf3 Nc6 3. Nc3 Nf6 4. d4 exd4 5. Nxd4 Bb4 6. Nxc6 bxc6 7. Bd3 d5 8.
exd5 cxd5 9. O-O O-O 10. Bg5 c6 11. Qf3 Bd6 12. Rfe1 Rb8 13. Na4 h6 14. Bf4 Bg4
15. Qe3 Re8 16. Qd2 Be6 17. b3 Qc7 18. Bxd6 Qxd6 19. h3 Nd7 20. c4 Nc5 21. cxd5
Bxd5 22. Qb4 Rxe1+ 23. Rxe1 Rxb4 24. Re8+ Qf8 25. Rxf8+ Kxf8 26. Nxc5 Ke7 0-1

[Event "Deutsche Schachbundesliga 2010/11"]
[Site "Germany"]
[Date "2011.03.20"]
[Round "13"]
[White "Spoelman, Wouter"]
[Black "Kraemer, Martin"]
[Result "1-0"]
[ECO "E25"]
[WhiteElo "2538"]
[BlackElo "2516"]
[Annotator "Robot 3"]
[PlyCount "57"]
[EventDate "2011.??.??"]
[WhiteTeam "Emsdetten"]
[BlackTeam "SF Berlin"]
[TimeControl "40/6000+30:20/3000+30:900+30"]

1. d4 Nf6 2. c4 e6 3. Nc3 Bb4 4. f3 d5 5. a3 Bxc3+ 6. bxc3 c5 7. cxd5 Nxd5 8.
dxc5 f5 9. e4 fxe4 10. Qc2 Nd7 11. fxe4 N5f6 12. c6 bxc6 13. Nf3 Qa5 14. Nd4
Ne5 15. Bf4 O-O 16. Be2 Nxe4 17. O-O Nf6 18. Kh1 Nf7 19. Bc4 Nd5 20. Bd3 Nf6
21. Rae1 Bd7 22. Nxe6 Rfe8 23. Nc7 Rxe1 24. Rxe1 Rc8 25. Bc4 Rxc7 26. Re7 Nd5
27. Bxd5 cxd5 28. Bxc7 Qxc7 29. Qf5 1-0

[Event "Deutsche Schachbundesliga 2010/11"]
[Site "Germany"]
[Date "2011.03.20"]
[Round "13"]
[White "Thinius, Marco"]
[Black "Zumsande, Martin"]
[Result "0-1"]
[ECO "C11"]
[WhiteElo "2367"]
[BlackElo "2414"]
[Annotator "Robot 3"]
[PlyCount "84"]
[EventDate "2011.??.??"]
[WhiteTeam "SF Berlin"]
[BlackTeam "Emsdetten"]
[TimeControl "40/6000+30:20/3000+30:900+30"]

1. e4 e6 2. d4 d5 3. Nc3 Nf6 4. e5 Nfd7 5. Nf3 c5 6. Bg5 Qb6 7. dxc5 Nxc5 8.
Be2 Bd7 9. Rb1 Nc6 10. O-O Be7 11. Bxe7 Nxe7 12. Re1 Rc8 13. Bd3 Nxd3 14. cxd3
O-O 15. Qd2 Rc7 16. Rbc1 Rfc8 17. Ne2 Bb5 18. Rxc7 Rxc7 19. Rc1 Rxc1+ 20. Nxc1
Nc6 21. Qc3 h6 22. a3 a5 23. Nb3 Ba4 24. Nbd4 Bd1 25. Kf1 Bxf3 26. Nxf3 d4 27.
Qc2 Qb5 28. a4 Qb4 29. Ke2 g5 30. h3 Kg7 31. g4 Ne7 32. h4 Ng6 33. hxg5 hxg5
34. Nxg5 Nxe5 35. f3 b5 36. axb5 Qxb5 37. Ne4 Ng6 38. Ng3 Qe5+ 39. Kf2 Qe3+ 40.
Kg2 Nf4+ 41. Kh2 Qxf3 42. g5 Kg6 0-1

[Event "Deutsche Schachbundesliga 2010/11"]
[Site "Germany"]
[Date "2011.03.20"]
[Round "13"]
[White "Dgebuadze, Alexandre"]
[Black "Lammers, Markus"]
[Result "1/2-1/2"]
[ECO "B47"]
[WhiteElo "2524"]
[BlackElo "2395"]
[Annotator "Robot 3"]
[PlyCount "128"]
[EventDate "2011.??.??"]
[WhiteTeam "SC Remagen"]
[BlackTeam "Delmenhorst"]
[TimeControl "40/6000+30:20/3000+30:900+30"]

1. e4 c5 2. Nf3 e6 3. d4 cxd4 4. Nxd4 Nc6 5. Nc3 Qc7 6. g3 a6 7. Bg2 Nf6 8. O-O
Nxd4 9. Qxd4 Bc5 10. Bf4 d6 11. Qd3 h6 12. Rad1 e5 13. Be3 O-O 14. Bxc5 dxc5
15. Qd6 Qxd6 16. Rxd6 b5 17. f4 Be6 18. b3 Ng4 19. f5 Bc8 20. Nd5 Bb7 21. h3
Bxd5 22. hxg4 Bb7 23. Rfd1 Rfc8 24. Rb6 Rc7 25. Kf2 Kf8 26. Ke3 Ke7 27. a4 bxa4
28. bxa4 Bc6 29. a5 Bb5 30. Bf1 c4 31. Rd5 f6 32. Be2 Rac8 33. Kd2 Bc6 34. Rc5
Bxe4 35. Rxc7+ Rxc7 36. c3 Bd3 37. Bxd3 Rd7 38. Rxa6 Rxd3+ 39. Kc2 Rxg3 40.
Re6+ Kd7 41. a6 Rg2+ 42. Kb1 Kc7 43. Re7+ Kb8 44. Rxg7 Ka8 45. Rg6 Ka7 46. Rxf6
Rxg4 47. Rxh6 Rf4 48. Rf6 Rf2 49. Kc1 e4 50. Kd1 Rf3 51. Kd2 Rd3+ 52. Kc2 e3
53. Re6 Rd2+ 54. Kc1 Rf2 55. f6 Rf1+ 56. Kc2 e2 57. Kd2 e1=Q+ 58. Rxe1 Rxf6 59.
Ra1 Rxa6 60. Rxa6+ Kxa6 61. Ke3 Kb5 62. Kd4 Kb6 63. Kxc4 Kc6 64. Kd4 Kd6
1/2-1/2

[Event "Deutsche Schachbundesliga 2010/11"]
[Site "Germany"]
[Date "2011.03.20"]
[Round "13"]
[White "Heberla, Bartlomiej"]
[Black "Fedorchuk, Sergey A"]
[Result "0-1"]
[ECO "A29"]
[WhiteElo "2534"]
[BlackElo "2671"]
[Annotator "Robot 3"]
[PlyCount "88"]
[EventDate "2011.??.??"]
[WhiteTeam "Delmenhorst"]
[BlackTeam "SC Remagen"]
[TimeControl "40/6000+30:20/3000+30:900+30"]

1. c4 Nf6 2. Nc3 e5 3. Nf3 Nc6 4. d3 d5 5. cxd5 Nxd5 6. g3 Be7 7. Bg2 Be6 8.
O-O O-O 9. a3 Qd7 10. Nxd5 Bxd5 11. b4 a5 12. b5 Nd4 13. Nxd4 Bxg2 14. Kxg2
exd4 15. Qa4 Bc5 16. Qc4 b6 17. a4 Rfe8 18. Qc2 Re5 19. Ba3 Rae8 20. Bxc5 Rxc5
21. Qd2 Rh5 22. h4 Rxh4 23. Rh1 Rxh1 24. Rxh1 c5 25. Qf4 Qe6 26. Re1 h6 27. Qc7
Qd5+ 28. Kg1 Re6 29. Qc8+ Kh7 30. Qc7 Rf6 31. Qe7 Qa2 32. Qe4+ g6 33. Kg2 Qxa4
34. Rh1 Qxb5 35. Qh4 Qc6+ 36. f3 h5 37. g4 Qe6 38. Kf1 Qe5 39. Rh2 a4 40. Rg2
Qf4 41. Qh3 Qc1+ 42. Kf2 Qe3+ 43. Kf1 a3 44. gxh5 g5 0-1

[Event "Deutsche Schachbundesliga 2010/11"]
[Site "Germany"]
[Date "2011.03.20"]
[Round "13"]
[White "Hoeffer, David"]
[Black "Seel, Christian"]
[Result "0-1"]
[ECO "C45"]
[WhiteElo "2259"]
[BlackElo "2483"]
[Annotator "Robot 3"]
[PlyCount "104"]
[EventDate "2011.??.??"]
[WhiteTeam "Delmenhorst"]
[BlackTeam "SC Remagen"]
[TimeControl "40/6000+30:20/3000+30:900+30"]

1. e4 e5 2. Nf3 Nc6 3. d4 exd4 4. Nxd4 Bb4+ 5. c3 Bc5 6. Be3 Bb6 7. Nxc6 bxc6
8. Bxb6 axb6 9. Qd4 Nf6 10. e5 Nd5 11. Bc4 O-O 12. O-O Bb7 13. Nd2 d6 14. f4
dxe5 15. fxe5 Qg5 16. Rae1 c5 17. Qf2 Nf4 18. Qg3 Qxg3 19. hxg3 Ne6 20. a3 Rad8
21. Nf3 Bd5 22. Bxd5 Rxd5 23. Rd1 Rfd8 24. Rxd5 Rxd5 25. b3 g5 26. g4 h6 27.
Kf2 Rd3 28. Rc1 Nf4 29. a4 Nd5 30. Ke2 Nf4+ 31. Kf2 Nd5 32. Ke2 Re3+ 33. Kf2
Rxc3 34. Rxc3 Nxc3 35. Ke3 Kf8 36. Kd3 Nd5 37. g3 Ke7 38. Nd2 Ke6 39. Nc4 Nb4+
40. Ke4 Nc6 41. Ne3 Nxe5 42. Nd5 Nxg4 43. Nxc7+ Kd6 44. Nb5+ Kd7 45. Kf5 Ne3+
46. Kf6 Nf1 47. g4 Ne3 48. Kxf7 Nxg4 49. Kg6 Ne5+ 50. Kxh6 g4 51. Nc3 g3 52.
Ne2 g2 0-1

[Event "Deutsche Schachbundesliga 2010/11"]
[Site "Germany"]
[Date "2011.03.20"]
[Round "13"]
[White "Jugelt, Tobias"]
[Black "Degraeve, Jean-Marc"]
[Result "1/2-1/2"]
[ECO "A21"]
[WhiteElo "2409"]
[BlackElo "2561"]
[Annotator "Robot 3"]
[PlyCount "146"]
[EventDate "2011.??.??"]
[WhiteTeam "Delmenhorst"]
[BlackTeam "SC Remagen"]
[TimeControl "40/6000+30:20/3000+30:900+30"]

1. d4 d6 2. c4 e5 3. Nc3 exd4 4. Qxd4 Nc6 5. Qd2 Nf6 6. Nf3 g6 7. b3 Bg7 8. Bb2
O-O 9. e3 a5 10. a3 Re8 11. Be2 Be6 12. Rd1 Nd7 13. Nd5 Nde5 14. O-O Nxf3+ 15.
Bxf3 Ne5 16. Be2 c6 17. Nf4 Bf5 18. Bc3 Qc7 19. Qb2 Bf8 20. Rd2 Nd7 21. Nd3 Be6
22. a4 Rab8 23. Qa1 b6 24. e4 Rbd8 25. Bf3 Rc8 26. Rc2 Qd8 27. g3 Bh3 28. Re1
Qe7 29. Nf4 Be6 30. Nd5 cxd5 31. exd5 Ne5 32. Bxe5 dxe5 33. dxe6 Qxe6 34. Bd5
Qd6 35. Rce2 Bg7 36. f4 Re7 37. fxe5 Qc7 38. Kg2 Rce8 39. e6 Rxe6 40. Qd1 Rxe2+
41. Rxe2 Rxe2+ 42. Qxe2 Be5 43. Qe3 Kg7 44. Bf3 h5 45. Qe4 Qc5 46. Be2 Bf6 47.
Bf3 Qa3 48. Qc2 Bd4 49. Be4 Qe7 50. Qd3 Qe5 51. h4 Bc5 52. Bd5 Qb2+ 53. Kh3 f5
54. Bf3 Bd4 55. Qe2 Qc3 56. Bd5 Be5 57. Qf3 Qd4 58. Bc6 Kf6 59. Bd5 Kg7 60. Bc6
Qg1 61. Qg2 Qe1 62. Qf3 Kh6 63. Bd5 Qd2 64. Qg2 Qe1 65. Qf3 Kg7 66. Kg2 Qd2+
67. Qf2 Qc3 68. Qf3 Qb2+ 69. Kh3 Bc3 70. Qe3 Be5 71. c5 Qd4 72. Qxd4 Bxd4 73.
c6 Be5 1/2-1/2

[Event "Deutsche Schachbundesliga 2010/11"]
[Site "Germany"]
[Date "2011.03.20"]
[Round "13"]
[White "Kipper, Jens"]
[Black "Skinke, Katrina"]
[Result "1/2-1/2"]
[ECO "E97"]
[WhiteElo "2394"]
[BlackElo "2217"]
[Annotator "Robot 3"]
[PlyCount "77"]
[EventDate "2011.??.??"]
[WhiteTeam "SC Remagen"]
[BlackTeam "Delmenhorst"]
[TimeControl "40/6000+30:20/3000+30:900+30"]

1. Nf3 Nf6 2. c4 g6 3. Nc3 Bg7 4. e4 d6 5. d4 O-O 6. Be2 e5 7. O-O Nc6 8. dxe5
dxe5 9. Bg5 Qxd1 10. Rfxd1 Bg4 11. Rd2 h6 12. Be3 Rfd8 13. Rad1 Rxd2 14. Rxd2
Ne8 15. c5 Bxf3 16. Bxf3 Nd4 17. Bd1 c6 18. Ne2 Nc7 19. Nxd4 exd4 20. Bxd4 Rd8
21. Be3 Rxd2 22. Bxd2 Bxb2 23. Bg4 Na6 24. Be3 Ba3 25. Bc8 Nxc5 26. Bxh6 b5 27.
Be3 Nxe4 28. Bb7 Nc3 29. Bxc6 a6 30. Bb7 a5 31. Ba6 Nxa2 32. Bxb5 Nc3 33. Bc6
Bb2 34. Bd2 Kf8 35. Kf1 Ke7 36. h4 Kd6 37. Be8 Ke7 38. Bc6 Kd6 39. Bxc3 1/2-1/2

[Event "Deutsche Schachbundesliga 2010/11"]
[Site "Germany"]
[Date "2011.03.20"]
[Round "13"]
[White "Meyer, Malte"]
[Black "Bok, Benjamin"]
[Result "0-1"]
[ECO "D86"]
[WhiteElo "2348"]
[BlackElo "2453"]
[Annotator "Robot 3"]
[PlyCount "124"]
[EventDate "2011.??.??"]
[WhiteTeam "Delmenhorst"]
[BlackTeam "SC Remagen"]
[TimeControl "40/6000+30:20/3000+30:900+30"]

1. d4 Nf6 2. c4 g6 3. Nc3 d5 4. cxd5 Nxd5 5. e4 Nxc3 6. bxc3 Bg7 7. Bc4 O-O 8.
Ne2 Nc6 9. O-O b6 10. Be3 Bb7 11. Qd2 Qd6 12. Bh6 Rad8 13. Bxg7 Kxg7 14. f4 Na5
15. Bd3 c5 16. Rf2 f5 17. exf5 gxf5 18. Re1 e6 19. Qe3 Rf6 20. h3 Kf7 21. Kh2
Qd5 22. Ng1 cxd4 23. Qe2 Qd6 24. cxd4 Rg8 25. Qe3 Rfg6 26. g4 R6g7 27. Qe5 Qxe5
28. fxe5 Ke7 29. Be2 h5 30. Rc1 Kd8 31. g5 Rxg5 32. Bf3 R5g7 33. Bxb7 Rxb7 34.
Rfc2 Kd7 35. Ne2 b5 36. Rc5 Nc4 37. Nf4 h4 38. Nd3 Rb6 39. Rf1 Rg3 40. Nf4 Ra6
41. Rf2 Rga3 42. Rxb5 Rxa2 43. Rxa2 Rxa2+ 44. Kg1 Nb6 45. Ng6 Ra3 46. Kh2 Ra2+
47. Kg1 Nd5 48. Nxh4 Nf4 49. Kf1 Ra1+ 50. Kf2 Nxh3+ 51. Kg2 Nf4+ 52. Kf2 Ra4
53. Nf3 Ra2+ 54. Kf1 Nd5 55. Ng5 Ne3+ 56. Ke1 Rg2 57. Nf7 Nc2+ 58. Kf1 Ne3+ 59.
Ke1 f4 60. Rb3 Kc6 61. Nd6 Kd5 62. Nb5 Kc4 0-1

[Event "Deutsche Schachbundesliga 2010/11"]
[Site "Germany"]
[Date "2011.03.20"]
[Round "13"]
[White "Michiels, Bart"]
[Black "Margraf, Daniel"]
[Result "1-0"]
[ECO "B09"]
[WhiteElo "2459"]
[BlackElo "2264"]
[Annotator "Robot 3"]
[PlyCount "69"]
[EventDate "2011.??.??"]
[WhiteTeam "SC Remagen"]
[BlackTeam "Delmenhorst"]
[TimeControl "40/6000+30:20/3000+30:900+30"]

1. e4 d6 2. d4 Nf6 3. Nc3 g6 4. f4 Bg7 5. Nf3 O-O 6. Bd3 Na6 7. O-O c5 8. d5
Nc7 9. Qe1 Rb8 10. a4 a6 11. a5 b5 12. axb6 Rxb6 13. b3 e6 14. dxe6 Nxe6 15. f5
Nd4 16. Bg5 h6 17. Bd2 c4 18. bxc4 Ng4 19. Nd5 Nxf3+ 20. gxf3 Ne5 21. Nxb6 Nxd3
22. cxd3 Qxb6+ 23. Be3 Bd4 24. Kf2 Qb2+ 25. Qe2 Qxe2+ 26. Kxe2 Bxa1 27. Rxa1
gxf5 28. Bxh6 Re8 29. Bf4 fxe4 30. fxe4 f5 31. Bxd6 fxe4 32. d4 Kf7 33. Ke3 Ke6
34. Bg3 Kd7 35. d5 1-0

[Event "Deutsche Schachbundesliga 2010/11"]
[Site "Germany"]
[Date "2011.03.20"]
[Round "13"]
[White "Parligras, Mircea-Emilian"]
[Black "Warakomski, Tomasz"]
[Result "1/2-1/2"]
[ECO "E35"]
[WhiteElo "2601"]
[BlackElo "2468"]
[Annotator "Robot 3"]
[PlyCount "195"]
[EventDate "2011.??.??"]
[WhiteTeam "SC Remagen"]
[BlackTeam "Delmenhorst"]
[TimeControl "40/6000+30:20/3000+30:900+30"]

1. d4 Nf6 2. c4 e6 3. Nc3 Bb4 4. Qc2 d5 5. cxd5 exd5 6. Bf4 O-O 7. e3 Nc6 8.
Bd3 Bd6 9. Bxd6 Qxd6 10. a3 Re8 11. Nge2 Bg4 12. O-O Bxe2 13. Bxe2 a6 14. Rac1
Nd8 15. Na4 c6 16. b4 Ne4 17. Bd3 f5 18. Nc5 Re7 19. a4 Nf7 20. b5 axb5 21.
axb5 Rf8 22. bxc6 bxc6 23. Nxe4 fxe4 24. Be2 Re6 25. Qc5 Qd8 26. Ra1 Qg5 27.
Ra6 Rg6 28. g3 Qh6 29. f4 exf3 30. Rxf3 Re8 31. Qe7 Nd6 32. Qd7 Rf6 33. Rxf6
Qxf6 34. Qxc6 Qe6 35. Kg2 Qxe3 36. Qxd5+ Kh8 37. Bh5 Ne4 38. Ra2 Nf6 39. Qf3
Qxf3+ 40. Bxf3 Kg8 41. h4 Kf7 42. g4 Rd8 43. g5 Rxd4 44. gxf6 Rxh4 45. Kg3 Rd4
46. fxg7 Kxg7 47. Bg4 Kf6 48. Kh4 Rd6 49. Kh5 Ke5 50. Ra7 h6 51. Bd7 Kf6 52.
Be8 Re6 53. Rf7+ Ke5 54. Rf8 Rf6 55. Rg8 Rf4 56. Kxh6 Kf6 57. Bh5 Rf5 58. Bg6
Re5 59. Rf8+ Ke7 60. Rf1 Ke6 61. Bf7+ Kd6 62. Kg6 Kc5 63. Kf6 Re3 64. Kf5 Kd4
65. Bg6 Re7 66. Rd1+ Kc5 67. Kf4 Re6 68. Be4 Re7 69. Ke3 Re5 70. Rc1+ Kd6 71.
Kd4 Re6 72. Ra1 Rf6 73. Ra5 Re6 74. Bd3 Rf6 75. Bf5 Kc7 76. Ke5 Kb6 77. Ra1 Rc6
78. Be4 Rc4 79. Bd5 Rc5 80. Ra8 Rc3 81. Kd4 Rc1 82. Rb8+ Kc7 83. Rb7+ Kd6 84.
Rb6+ Ke7 85. Ke5 Rc7 86. Re6+ Kd8 87. Rh6 Ke7 88. Bc6 Kf8 89. Kd6 Kg7 90. Rh2
Rf7 91. Bd5 Rf6+ 92. Ke7 Rf7+ 93. Ke6 Rf6+ 94. Ke5 Rh6 95. Ra2 Rh5+ 96. Ke6
Rh6+ 97. Ke7 Kg6 98. Be6 1/2-1/2

[Event "Deutsche Schachbundesliga 2010/11"]
[Site "Germany"]
[Date "2011.03.20"]
[Round "13"]
[White "Belezky, Alexander"]
[Black "Grabarczyk, Miroslaw"]
[Result "1/2-1/2"]
[ECO "A07"]
[WhiteElo "2454"]
[BlackElo "2475"]
[Annotator "Robot 3"]
[PlyCount "43"]
[EventDate "2011.??.??"]
[WhiteTeam "München"]
[BlackTeam "Griesheim"]
[TimeControl "40/6000+30:20/3000+30:900+30"]

1. Nf3 d5 2. g3 Nf6 3. Bg2 c6 4. b3 Bg4 5. Bb2 Nbd7 6. d3 Bxf3 7. Bxf3 e5 8.
Nd2 Bd6 9. e4 d4 10. O-O b5 11. c3 dxc3 12. Bxc3 O-O 13. d4 Qb6 14. dxe5 Bxe5
15. Qc2 Rfe8 16. Bg2 h5 17. Bxe5 Nxe5 18. Nf3 Nxf3+ 19. Bxf3 Re6 20. e5 Rxe5
21. Qxc6 Qxc6 22. Bxc6 1/2-1/2

[Event "Deutsche Schachbundesliga 2010/11"]
[Site "Germany"]
[Date "2011.03.20"]
[Round "13"]
[White "Berczes, David"]
[Black "Schenk, Andreas"]
[Result "1/2-1/2"]
[ECO "E06"]
[WhiteElo "2520"]
[BlackElo "2519"]
[Annotator "Robot 3"]
[PlyCount "41"]
[EventDate "2011.??.??"]
[WhiteTeam "Griesheim"]
[BlackTeam "München"]
[TimeControl "40/6000+30:20/3000+30:900+30"]

1. d4 Nf6 2. c4 e6 3. Nf3 d5 4. g3 Bb4+ 5. Bd2 Be7 6. Bg2 O-O 7. O-O c6 8. Bf4
b6 9. Nc3 Ba6 10. cxd5 cxd5 11. Rc1 Bb7 12. Ne5 a6 13. Qb3 Nc6 14. Nxc6 Bxc6
15. Na4 Bxa4 16. Qxa4 b5 17. Qb3 Qb6 18. Qc3 Rfe8 19. Rfd1 b4 20. Qc2 Qa5 21.
Qb3 1/2-1/2

[Event "Deutsche Schachbundesliga 2010/11"]
[Site "Germany"]
[Date "2011.03.20"]
[Round "13"]
[White "Bromberger, Stefan"]
[Black "Mista, Aleksander"]
[Result "0-1"]
[ECO "D27"]
[WhiteElo "2530"]
[BlackElo "2574"]
[Annotator "Robot 3"]
[PlyCount "62"]
[EventDate "2011.??.??"]
[WhiteTeam "München"]
[BlackTeam "Griesheim"]
[TimeControl "40/6000+30:20/3000+30:900+30"]

1. d4 d5 2. c4 dxc4 3. Nf3 Nf6 4. e3 e6 5. Bxc4 c5 6. O-O a6 7. Bb3 b5 8. a4 b4
9. e4 Bb7 10. e5 Ne4 11. Nbd2 Nxd2 12. Bxd2 cxd4 13. Ng5 Bd5 14. f4 Be7 15.
Bxd5 Qxd5 16. f5 exf5 17. Rxf5 g6 18. Qf3 Qxf3 19. Rxf3 O-O 20. Rc1 Nd7 21. e6
Bxg5 22. exf7+ Rxf7 23. Bxg5 Ne5 24. Rxf7 Kxf7 25. Rc7+ Ke6 26. Rxh7 Rc8 27.
Ra7 Rc6 28. b3 Kf5 29. h4 d3 30. Bd2 Rc2 31. Bxb4 Nc6 0-1

[Event "Deutsche Schachbundesliga 2010/11"]
[Site "Germany"]
[Date "2011.03.20"]
[Round "13"]
[White "Grabarczyk, Bogdan"]
[Black "Meister, Peter"]
[Result "1-0"]
[ECO "B06"]
[WhiteElo "2448"]
[BlackElo "2446"]
[Annotator "Robot 3"]
[PlyCount "51"]
[EventDate "2011.??.??"]
[WhiteTeam "Griesheim"]
[BlackTeam "München"]
[TimeControl "40/6000+30:20/3000+30:900+30"]

1. e4 g6 2. d4 Bg7 3. Nc3 d6 4. f4 e6 5. Nf3 Ne7 6. Bd3 a6 7. O-O Nd7 8. e5 b5
9. Ne4 Nb6 10. Qe1 Bb7 11. b3 h5 12. a4 bxa4 13. bxa4 Nf5 14. a5 Nd5 15. c4
Nde7 16. Nf6+ Kf8 17. Be4 Bxe4 18. Nxe4 Rb8 19. Qe2 dxe5 20. dxe5 Nd4 21. Qd1
Nxf3+ 22. Qxf3 Qd4+ 23. Be3 Qxc4 24. Rac1 Qa2 25. Bc5 Qxa5 26. Nf6 1-0

[Event "Deutsche Schachbundesliga 2010/11"]
[Site "Germany"]
[Date "2011.03.20"]
[Round "13"]
[White "Meissner, Bernd"]
[Black "Bulski, Krzysztof"]
[Result "1/2-1/2"]
[ECO "D43"]
[WhiteElo "2401"]
[BlackElo "2459"]
[Annotator "Robot 3"]
[PlyCount "155"]
[EventDate "2011.??.??"]
[WhiteTeam "München"]
[BlackTeam "Griesheim"]
[TimeControl "40/6000+30:20/3000+30:900+30"]

1. d4 Nf6 2. c4 e6 3. Nf3 d5 4. Nc3 c6 5. Bg5 h6 6. Bxf6 Qxf6 7. e3 Nd7 8. a3
g6 9. Bd3 dxc4 10. Bxc4 Bg7 11. Rc1 O-O 12. Ba2 Rd8 13. Qc2 Qe7 14. O-O b6 15.
e4 Bb7 16. Rfe1 e5 17. d5 Nf6 18. Rcd1 Rac8 19. Qa4 a6 20. d6 Qe8 21. Qb3 Nd7
22. Nh4 Kh7 23. Qxf7 Qxf7 24. Bxf7 Nf8 25. Na4 Rd7 26. Bb3 Rcd8 27. Nxb6 Rxd6
28. Rxd6 Rxd6 29. Nc4 Rd7 30. Nf3 Re7 31. Rd1 c5 32. Nd6 Bc6 33. Bd5 Bd7 34. h3
Ne6 35. Ne1 Nd4 36. Nd3 Ba4 37. Re1 Rc7 38. Kh2 Bc2 39. Re3 Ba4 40. Nc4 h5 41.
Ndxe5 Bh6 42. Rc3 h4 43. Nf7 Ne2 44. Rf3 Bc1 45. g3 Bb5 46. Nce5 Be8 47. Nd6
Bb5 48. Bc4 Bxb2 49. Nef7 Nd4 50. Rf4 hxg3+ 51. fxg3 Bc1 52. Rf1 Be3 53. e5 Re7
54. h4 Kg7 55. Ng5 Bxg5 56. hxg5 Rxe5 57. Rf7+ Kg8 58. Rf6+ Bxc4 59. Rxg6+ Kh7
60. Rh6+ Kg7 61. Nxc4 Rxg5 62. Rxa6 Nf5 63. Rc6 Nxg3 64. a4 Nf1+ 65. Kh3 Rg3+
66. Kh4 Rc3 67. Rxc5 Ne3 68. Rg5+ Kf6 69. Nb6 Nf5+ 70. Rxf5+ Kxf5 71. a5 Rb3
72. Nd5 Ke5 73. Ne7 Rb7 74. Nc8 Rb4+ 75. Kg3 Ke6 76. Nb6 Kd6 77. Kf3 Rxb6 78.
axb6 1/2-1/2

[Event "Deutsche Schachbundesliga 2010/11"]
[Site "Germany"]
[Date "2011.03.20"]
[Round "13"]
[White "Murdzia, Piotr"]
[Black "Tischbierek, Raj"]
[Result "1-0"]
[ECO "A41"]
[WhiteElo "2477"]
[BlackElo "2451"]
[Annotator "Robot 3"]
[PlyCount "81"]
[EventDate "2011.??.??"]
[WhiteTeam "Griesheim"]
[BlackTeam "München"]
[TimeControl "40/6000+30:20/3000+30:900+30"]

1. d4 d6 2. Nf3 Bg4 3. c4 Nd7 4. Qb3 Rb8 5. g3 c5 6. Be3 Bxf3 7. exf3 cxd4 8.
Bxd4 e6 9. Nc3 Qa5 10. Bg2 Ne7 11. Qb5 Nc6 12. Qxa5 Nxa5 13. b3 Nc6 14. Be3 Be7
15. Rd1 Nf6 16. f4 a6 17. Ke2 O-O 18. h3 Rfc8 19. Rc1 Nd7 20. Rhd1 f5 21. Rd2
Kf7 22. Bf3 g6 23. g4 Nf6 24. Rdd1 h5 25. gxf5 gxf5 26. Rg1 h4 27. Na4 e5 28.
Bd5+ Nxd5 29. cxd5 Nb4 30. Nb6 Rxc1 31. Rxc1 Nxa2 32. Rc7 Ke8 33. Bd2 Bd8 34.
Rh7 Kf8 35. Nc4 Kg8 36. Rd7 exf4 37. Nxd6 b5 38. Nxf5 Bf6 39. Kd3 Rd8 40. Nh6+
Kf8 41. Rf7+ 1-0

[Event "Deutsche Schachbundesliga 2010/11"]
[Site "Germany"]
[Date "2011.03.20"]
[Round "13"]
[White "Renner, Christoph"]
[Black "Tazbir, Marcin"]
[Result "1/2-1/2"]
[ECO "A04"]
[WhiteElo "2420"]
[BlackElo "2523"]
[Annotator "Robot 3"]
[PlyCount "84"]
[EventDate "2011.??.??"]
[WhiteTeam "München"]
[BlackTeam "Griesheim"]
[TimeControl "40/6000+30:20/3000+30:900+30"]

1. e4 c5 2. d3 Nc6 3. g3 g6 4. Bg2 Bg7 5. Nc3 e6 6. Be3 d6 7. Qd2 Nd4 8. Nf3
Ne7 9. O-O O-O 10. Bh6 Rb8 11. Bxg7 Kxg7 12. Nh4 e5 13. Nd1 f6 14. c3 Ndc6 15.
Ne3 g5 16. Nf3 Be6 17. h4 h6 18. d4 cxd4 19. cxd4 g4 20. Nh2 Nxd4 21. Nexg4 Ng8
22. Ne3 Ne7 23. Neg4 Ng8 24. Ne3 Ne7 25. f4 Rc8 26. Kh1 Qd7 27. f5 Bc4 28. Rf2
Rh8 29. g4 Kf7 30. g5 hxg5 31. hxg5 fxg5 32. Kg1 Ba6 33. Neg4 Rc2 34. Qxg5 Rxf2
35. Kxf2 Qb5 36. b3 Qb6 37. Qf6+ Kg8 38. Ne3 Rxh2 39. Qxe7 Nc2 40. Qe6+ Kh7 41.
Qd7+ Kh6 42. Qe6+ Kh7 1/2-1/2